 Dungeon Crawl Stone Soup version 0.24-a0-451-g263dff2 (webtiles) character file.

Game seed: 18150782624540558379

1465 Spazmo the Thaumaturge (level 8, -3/41 HPs)
             Began as a Deep Elf Fire Elementalist on June 25, 2019.
             Was a Follower of Vehumet.
             Slain by a gnoll
             ... wielding a cursed +0 club
              (5 damage)
             ... on level 4 of the Dungeon.
             The game lasted 00:12:36 (3896 turns).

Spazmo the Thaumaturge (Deep Elf Fire Elementalist) Turns: 3896, Time: 00:12:37

Health: -3/41      AC:  6    Str:  5    XL:     8   Next: 48%
Magic:  1/22       EV: 14    Int: 23    God:    Vehumet [*.....]
Gold:   196        SH:  0    Dex: 15    Spells: 8/23 levels left

rFire    . . .     SeeInvis .   n - +2 quarterstaff (chaos)
rCold    . . .     Gourm    .   (shield currently unavailable)
rNeg     . . .     Faith    .   p - +2 robe {MR+}
rPois    .         Spirit   .   (no helmet)
rElec    .         Reflect  .   q - +0 cloak
rCorr    +         Harm     .   (no gloves)
MR       +....                  e - +0 pair of boots
Stlth    ++........             (no amulet)
HPRegen  0.13/turn              l - +1 ring of evasion
MPRegen  0.18/turn              g - ring of resist corrosion

@: no status effects
A: no striking features
a: Renounce Religion


You were on level 4 of the Dungeon.
You worshipped Vehumet.
Vehumet was aware of your devotion.
You were hungry.

You visited 2 branches of the dungeon, and saw 6 of its levels.

You collected 196 gold pieces.

Inventory:

Hand Weapons
 n - a +2 quarterstaff of chaos (weapon)
 o - a +4 dagger of venom
Missiles
 d - 135 stones (quivered)
Armour
 e - a +0 pair of boots (worn)
 p - a +2 robe of magic resistance (worn)
 q - a +0 cloak (worn)
Jewellery
 g - a ring of resist corrosion (right hand)
 l - a +1 ring of evasion (left hand)
Wands
 m - a wand of digging (2)
Scrolls
 a - a scroll of fear
 b - 6 scrolls of identify
 h - a scroll of fog
 j - a scroll of enchant weapon
 k - 2 scrolls of remove curse
Potions
 i - a potion of brilliance
 r - a potion of curing {unknown}
 s - a potion of invisibility {unknown}
 t - a potion of heal wounds
Comestibles
 c - 9 rations
 f - 8 chunks of flesh


   Skills:
 - Level 2.9 Dodging
 - Level 3.0 Stealth
 + Level 8.3 Spellcasting
 + Level 6.6 Conjurations
 + Level 7.3 Fire Magic


You had 8 spell levels left.
You knew the following spells:

 Your Spells              Type           Power        Failure   Level  Hunger
a - Flame Tongue          Conj/Fire      #####        1%          1    None
b - Throw Flame           Conj/Fire      #####.       1%          2    None
c - Conjure Flame         Conj/Fire      #####...     1%          3    None
d - Sticky Flame          Conj/Fire      #####...     3%          4    ##.....
e - Fireball              Conj/Fire      #####.....   11%         5    #####..

Your spell library contained the following spells:

 Spells                   Type           Power        Failure   Level  Hunger
 Shock                    Conj/Air       ###.         1%          1    None
 Inner Flame              Hex/Fire       ####....     4%          3    None


Dungeon Overview and Level Annotations

Branches:
Dungeon (5/15)             Temple (1/1) D:4

Altars:
Ashenzari
Cheibriados
Dithmenos
Elyvilon
Fedhas
Kikubaaqudgha
Makhleb
Qazlal
Ru
Sif Muna
Trog
Vehumet
Wu Jian
Zin
The Shining One

Annotations:
D:4 Edmund


Message History

You barely miss the gnoll.
The gnoll is severely wounded.
The gnoll hits you but does no damage. The gnoll shaman misses you.
The gnoll closely misses you.
The gnoll shaman hits you but does no damage.
Unknown command.
You sock the gnoll!
The gnoll is almost dead.
The gnoll hits you but does no damage. The gnoll closely misses you.
The gnoll shaman hits you with a +0 club.
* * * LOW HITPOINT WARNING * * *
You hit the gnoll. You freeze the gnoll.
You kill the gnoll!
Vehumet accepts your kill.
The gnoll shaman calls upon its god to speed up the gnoll.
The gnoll seems to speed up.
The gnoll shaman hits you with a +0 club.
* * * LOW HITPOINT WARNING * * *
The gnoll hits you with a cursed +0 club.
You die...

...#.......# #+#
...#....)..# ..#
...g)g).g..# #.#
'#########)#####.#
...#......)#...@g#
≈≈.........#...gg#
≈≈........g#gg##g#
...#...g@.gg...#g#
########@...#@# ..
+....#g# ##
######g. #...
##### ≈≈ ≈≈ ...


You could see Edmund, 2 gnoll shamans and 5 gnolls.

Vanquished Creatures
  Sigmund (D:3)
  Purgy (D:4)
  A phantom (D:4)
  A necrophage (D:5)
  An ogre (D:4)
  A bullfrog (D:4)
  2 scorpions
  2 vampire bats (D:3)
  4 gnoll shamans (D:4)
  A hound (D:4)
  Crazy Yiuf (D:4)
  6 orc wizards
  A worker ant (D:5)
  2 hound skeletons
  A worker ant zombie (D:5)
  16 gnolls
  4 adders
  2 shadow imps (D:5)
  4 oozes
  6 worms
  A dart slug (D:1)
  A leopard gecko (D:3)
  6 orcs
  A ball python (D:2)
  3 bat skeletons (D:3)
  2 bat zombies (D:3)
  4 giant cockroaches
  7 goblins
  7 hobgoblins
  6 jackals
  A quokka (D:5)
  2 bats (D:2)
  A frilled lizard (D:4)
  7 kobolds
  5 rats
112 creatures vanquished.

Notes
Turn   | Place    | Note
-------+----------+-------------------------------------------
     0 | D:1      | Spazmo the Deep Elf Fire Elementalist began the quest for
                  | the Orb.
     0 | D:1      | Reached XP level 1. HP: 10/10 MP: 6/6
   228 | D:1      | Reached XP level 2. HP: 15/15 MP: 2/8
   232 | D:1      | Learned a level 2 spell: Throw Flame
   631 | D:1      | Reached XP level 3. HP: 17/19 MP: 7/10
   636 | D:1      | Learned a level 3 spell: Conjure Flame
   887 | D:2      | Reached XP level 4. HP: 24/24 MP: 7/11
   893 | D:2      | Learned a level 4 spell: Sticky Flame
   910 | D:2      | Reached skill level 4 in Spellcasting
   911 | D:2      | Found a sacrificial altar of Ru.
  1706 | D:3      | Found a shattered altar of Ashenzari.
  1776 | D:3      | Reached XP level 5. HP: 28/28 MP: 11/13
  2005 | D:3      | Reached skill level 5 in Spellcasting
  2030 | D:3      | You fall into a shaft and drop 2 floors!
  2030 | D:5      | Entered Level 5 of the Dungeon
  2031 | D:5      | Noticed a necrophage
  2037 | D:5      | Killed a necrophage
  2037 | D:5      | Reached skill level 5 in Fire Magic
  2037 | D:5      | Reached XP level 6. HP: 32/32 MP: 10/16
  2047 | D:5      | Learned a level 5 spell: Fireball
  2431 | D:4      | Reached skill level 6 in Spellcasting
  2467 | D:4      | Reached XP level 7. HP: 36/36 MP: 15/18
  2577 | D:3      | Noticed Sigmund
  2607 | D:3      | Killed Sigmund
  2607 | D:3      | Reached skill level 5 in Conjurations
  2768 | D:3      | Found an ancient bone altar of Kikubaaqudgha.
  2822 | D:3      | Found a glowing silver altar of Zin.
  3077 | D:4      | Found a staircase to the Ecumenical Temple.
  3089 | Temple   | Entered the Ecumenical Temple
  3140 | Temple   | Became a worshipper of Vehumet
  3164 | D:4      | Reached skill level 7 in Spellcasting
  3177 | D:4      | Noticed Purgy
  3310 | D:4      | Killed Purgy
  3310 | D:4      | Reached XP level 8. HP: 25/41 MP: 12/21
  3457 | D:4      | Found a runed translucent door.
  3458 | D:4      | Noticed Crazy Yiuf
  3572 | D:4      | Killed Crazy Yiuf
  3825 | D:4      | Reached skill level 8 in Spellcasting
  3858 | D:4      | Reached * piety under Vehumet
  3858 | D:4      | Offered knowledge of Shock by Vehumet.
  3864 | D:4      | Noticed Edmund
  3896 | D:4      | HP: 2/41 [gnoll shaman/+0 club (6)]
  3896 | D:4      | Slain by a gnoll

Levels and vault maps discovered:
D:1:      scummos_arrival_checkerplants, layout_loops_ring, moated_statue,
          corexii_item_surrounded_by_moat
D:2:      layout_loops_ring, marbit_many_paths
D:3:      layout_loops_ring, lemuel_coloured_pillars_altar,
          kennysheep_vampire_church, first_ration, lemuel_tele_altar,
          uniq_sigmund
D:4:      lemuel_castle_with_subvaults [lemuel_castle_interior_carwin_3],
          layout_basic, minmay_temple_entry_trees, kennysheep_generic_room_3,
          uniq_purgy, uniq_crazy_yiuf_cottage, uniq_edmund
D:5:      layout_cave_pods, enter_ossuary_2
Temple:   compressed_dpeg_circular_temple

Skill      XL: |  1  2  3  4  5  6  7  8 |
---------------+-------------------------+-----
Stealth        | 3 |  3.0
Conjurations   | 2 3 4 5 6 |  6.6
Spellcasting   | 4 5 6 7 8 |  8.3
Fire Magic     | 4 5 6 7 |  7.3
Dodging        | |  2.9

Action                   |  1- 3 |  4- 6 |  7- 9 || total
-------------------------+-------+-------+-------++-------
Melee: Dagger            |       |     1 |       ||     1
       Quarterstaff      |       |       |     6 ||     6
 Cast: Flame Tongue      |    45 |   113 |    97 ||   255
       Throw Flame       |     1 |     3 |     7 ||    11
       Sticky Flame      |       |     2 |     5 ||     7
       Conjure Flame     |       |       |     1 ||     1
  Use: Scroll            |       |       |     9 ||     9
       Potion            |       |       |     1 ||     1
  Eat: Chunk             |       |     5 |     4 ||     9
Armor: Robe              |     1 |     3 |    16 ||    20
Dodge: Dodged            |     7 |    33 |    37 ||    77

Table legend:
 A = Non-vault XP
 B = Vault XP
 C = Vault XP percentage of total XP
 D = Non-vault monster count
 E = Vault monster count
 F = Vault count percentage of total count
                 A         B        C        D         E       F
            +---------+---------+-------+---------+---------+-------
      Total |    1132 |     962 |  45.9 |      80 |      32 |  28.6
            +---------+---------+-------+---------+---------+-------
        D:1 |      45 |       0 |   0.0 |      11 |       0 |   0.0
        D:2 |     107 |       2 |   1.8 |      28 |       1 |   3.4
        D:3 |     170 |     334 |  66.3 |      14 |       8 |  36.4
        D:4 |     463 |     626 |  57.5 |      12 |      23 |  65.7
        D:5 |     347 |       0 |   0.0 |      15 |       0 |   0.0
            +---------+---------+-------+---------+---------+-------
